 Seeded DCSS version 0.31.0-32-g396128a36d (webtiles) character file.

Game seed: 4073344203867303942 (custom seed)

1555 firemarshallily the Magician (level 8, -2/54 HPs)
             Began as an Octopode Summoner on Mar 11, 2024.
             Slain by Duvessa
             ... wielding a +2 short sword of venom
              (24 damage)
             ... on level 6 of the Dungeon.
             The game lasted 00:17:41 (6330 turns).

firemarshallily the Magician (Octopode Summoner)    Turns: 6330, Time: 00:17:42

Health: -2/54      AC:  1    Str:  7    XL:     8   Next: 88%
Magic:  18/26      EV: 13    Int: 23    God:
Gold:   68         SH:  5    Dex: 15    Spells: 13/19 levels left

rFire   . . .        n - +0 trident
rCold   . . .        (no shield)
rNeg    . . .        (helmet restricted)
rPois   .            t - amulet of reflection
rElec   .            p - +6 ring of intelligence
rCorr   .            r - ring of magical power
SInv    .            (no ring)
Will    .....        (no ring)
Stlth   +++          (no ring)
HPRegen 0.29/turn    (no ring)
MPRegen 0.20/turn    (no ring)
                     (no ring)

%: reflection
@: lethally poisoned (-2 -> -7), about to teleport, unable to call your
familiar, hasted, studying Unarmed Combat, very quick
A: almost no armour, amphibious, 8 rings, camouflage 1, gelatinous body 1,
(nimble swimmer 1), tentacles
a: no special abilities


You were on level 6 of the Dungeon.
You visited 1 branch of the dungeon, and saw 6 of its levels.

You collected 198 gold pieces.
You spent 130 gold pieces at shops.

Inventory:

Hand Weapons
 d - a +2 short sword of flaming
 g - a +2 flail of protection
 n - a +0 trident (weapon)
 o - a +2 falchion of holy wrath
Missiles
 j - 7 poisoned darts (quivered)
Armour
 q - a +0 buckler
Jewellery
 p - a +6 ring of intelligence (left tentacle)
 r - a ring of magical power (right tentacle)
 t - an amulet of reflection (around mantle)
Scrolls
 b - 7 scrolls of identify {unknown}
 c - a scroll of brand weapon {unknown}
 e - 2 scrolls of noise {unknown}
 h - 2 scrolls of revelation
 i - 2 scrolls of butterflies {unknown}
 k - 3 scrolls of immolation {unknown}
 m - a scroll of poison {unknown}
 u - a scroll of amnesia {unknown}
 v - a scroll of fog {unknown}
 x - a scroll of enchant weapon {unknown}
 y - a scroll of teleportation
Potions
 a - 2 potions of magic
 f - 2 potions of attraction {unknown}
 l - a potion of cancellation {unknown}
 s - a potion of enlightenment {unknown}
 w - 2 potions of heal wounds


   Skills:
 + Level 4.4 Fighting
 + Level 3.7 Polearms
 - Level 2.1 Dodging
 - Level 3.0 Stealth
 + Level 2.9 Shields
 * Level 6.4 Spellcasting
 + Level 6.1 Summonings


You had 13 spell levels left.
You knew the following spells:

 Your Spells              Type           Power      Damage    Failure   Level
a - Summon Small Mammal   Summ           100%       N/A       1%          1
b - Call Imp              Summ           70%        N/A       1%          2
c - Call Canine Familiar  Summ           35%        N/A       1%          3

Your spell library contained the following spells:

 Spells                   Type           Power      Damage    Failure   Level
 Freeze                   Ice            28%        1d5       9%          1
 Summon Blazeheart Golem  Fire/Summ      21%        N/A       22%         4
 Summon Lightning Spire   Summ/Air       21%        N/A       22%         4
 Frozen Ramparts          Ice            14%        1d3       24%         3
 Hailstorm                Conj/Ice       7%         3d5       24%         3


Dungeon Overview and Level Annotations

Branches:
Dungeon (6/15)
 Temple: D:4-7

Altars:
Ashenzari
Nemelex Xobeh
Wu Jian

Shops:
D:5 *   D:6 *

Annotations:
D:2 1 runed translucent door, Crazy Yiuf
D:4 2 transporters, Logoto's ghost, amateur HOFi
D:6 1 runed translucent door, Duvessa; mainiacjoe's ghost, novice HOFi


Innate Abilities, Weirdness & Mutations

You cannot wear most types of armour.
You are amphibious.
You can wear up to eight rings at the same time.
Your skin changes colour to match your surroundings (Stealth+).
Your rubbery body absorbs attacks. (AC +1, EV +1)
((You are camouflaged when in or above water. (Stealth+)))
You have tentacles for arms and can constrict up to eight enemies at once.


Message History

Duvessa hits you with a +2 short sword of venom!
You are poisoned.
Duvessa hits you with a +2 short sword of venom.
You are more poisoned.
Your cerulean imp hits Duvessa but does no damage.
It was a potion of haste.
You feel yourself speed up.
You feel very sick.
Your bat hits Duvessa but does no damage. x2
Duvessa hits your bat with a +2 short sword of venom!
Your bat dies!
Your bat's corpse disappears in a puff of smoke!
Your cerulean imp hits Duvessa but does no damage.
Okay, then.
As you read the scroll of teleportation, it crumbles to dust.
You feel strangely unstable.
You feel sick.
Your bat hits Duvessa but does no damage.
Duvessa hits your bat with a +2 short sword of venom!
Your bat dies!
Your bat's corpse disappears in a puff of smoke!
You hit Duvessa. You grab Duvessa.
Duvessa is heavily wounded.
You constrict Duvessa, but do no damage.
You feel very sick. You block Duvessa's attack.
Your cerulean imp hits Duvessa from afar with a -1 spear.
You hit Duvessa.
Duvessa is heavily wounded.
You constrict Duvessa, but do no damage.
You feel sick. You block Duvessa's attack.
Your cerulean imp hits Duvessa but does no damage.
You hit Duvessa but do no damage.
Duvessa is heavily wounded.
You constrict Duvessa, but do no damage.
You feel sick. Duvessa barely misses you. x2
Your cerulean imp hits Duvessa from afar with a -1 spear.
You completely miss Duvessa.
Duvessa is heavily wounded.
You constrict Duvessa.
You feel sick.
Duvessa hits you with a +2 short sword of venom!!
You die...

...........##
............#
........(...#
............#
...)........#
............#####
..........5......
........e..."....
...##...@.#......
######
##.#..#......
..<..+
#..#.##...##.#
######
#.......#....#
##.#.##..##..####.
#... ##..##..... #
.# ##..
##..#..#### # #.#
#.. ##.......# #
#.#
#..#####....##..


You could see Duvessa (berserk, ally target) and a friendly cerulean imp
(summoned).

Vanquished Creatures
  A water moccasin (D:4)
  A bullfrog (D:5)
  2 orc priests (D:5)
  2 iguanas
  3 gnolls
  2 adders
  3 dart slugs
  2 ribbon worms
  7 orcs
  4 endoplasms
  A giant cockroach (D:1)
  A goblin (D:3)
  A hobgoblin (D:3)
  A kobold (D:2)
  3 bats
  A frilled lizard (D:3)
  2 rats (D:2)
37 creatures vanquished.

Vanquished Creatures (collateral kills)
  A water moccasin (D:5)
  A sky beast (D:6)
  An ogre (D:4)
  2 gnoll sergeants
  A bullfrog (D:5)
  3 scorpions
  Dowan (D:6)
  A jelly (D:5)
  2 orc priests (D:3)
  A gnoll bouda (D:6)
  3 iguanas
  5 orc wizards
  7 gnolls
  2 adders
  A white imp (D:6)
  3 ribbon worms
  A dart slug (D:4)
  14 orcs
  5 ball pythons
  5 endoplasms
  A giant cockroach (D:3)
  3 goblins
  8 hobgoblins
  4 jackals
  2 quokkas
  3 bats
  A frilled lizard (D:2)
  6 kobolds
  4 rats
92 creatures vanquished.

Grand Total: 129 creatures vanquished

Notes
Turn   | Place    | Note
-------+----------+-------------------------------------------
     0 | D:1      | firemarshallily the Octopode Summoner began the quest for
                  | the Orb.
     0 | D:1      | Reached XP level 1. HP: 11/11 MP: 3/3
    67 | D:1      | Reached XP level 2. HP: 9/17 MP: 5/5
   912 | D:2      | Reached XP level 3. HP: 22/22 MP: 6/6
   946 | D:2      | Learned a level 2 spell: Call Imp
   951 | D:2      | Learned a level 3 spell: Call Canine Familiar
  1057 | D:2      | Reached skill level 1 in Fighting
  1167 | D:2      | Reached XP level 4. HP: 28/28 MP: 1/8
  1261 | D:2      | Found a runed translucent door.
  1262 | D:2      | Noticed Crazy Yiuf
  2179 | D:3      | Reached XP level 5. HP: 34/34 MP: 2/10
  2327 | D:3      | Found a broken altar of Ashenzari.
  2637 | D:3      | Found a faded altar of an unknown god.
  2772 | D:3      | Found a sparkling altar of Nemelex Xobeh.
  3209 | D:4      | Reached skill level 1 in Polearms
  3209 | D:4      | Reached XP level 6. HP: 39/39 MP: 12/12
  3230 | D:4      | Found a transporter.
  3231 | D:4      | Found a transporter.
  3232 | D:4      | Noticed Logoto's ghost (amateur HOFi)
  3304 | D:4      | Noticed a water moccasin
  3318 | D:4      | Killed a water moccasin
  3319 | D:4      | Reached skill level 5 in Summonings
  3598 | D:4      | Reached XP level 7. HP: 30/45 MP: 14/14
  3920 | D:4      | Found an ornate altar of the Wu Jian Council.
  4408 | D:4      | Reached skill level 5 in Spellcasting
  4787 | D:5      | Entered Level 5 of the Dungeon
  4852 | D:5      | Reached skill level 1 in Shields
  5130 | D:5      | Reached XP level 8. HP: 22/53 MP: 16/16
  5441 | D:5      | Found Sukhlam's CLEARANCE SALE!.
  5447 | D:5      | Bought a scroll of revelation for 30 gold pieces
  5447 | D:5      | Bought a potion of degeneration for 4 gold pieces
  6011 | D:6      | Found Zainahad's General Store.
  6015 | D:6      | Bought a scroll of teleportation for 36 gold pieces
  6015 | D:6      | Bought a potion of heal wounds for 60 gold pieces
  6171 | D:6      | Found a runed translucent door.
  6175 | D:6      | Noticed mainiacjoe's ghost (novice HOFi)
  6299 | D:6      | Noticed Dowan
  6307 | D:6      | Killed Dowan
  6308 | D:6      | Noticed Duvessa
  6330 | D:6      | Slain by Duvessa

Illustrated notes

Levels and vault maps discovered:
D:1:      saegor_arrival_simple_a, layout_loops_ring
D:2:      layout_rooms, nicolae_elevator_lobby_asterisk, uniq_crazy_yiuf_cottage
D:3:      layout_basic, lemuel_coloured_pillars_altar,
          mainiacjoe_overflow_brackets, ebering_ecumenical_altar_box,
          minmay_between
D:4:      layout_layer_cave, general_overflow_altar, gammafunk_ghost_smash,
          serial_bayou_lagoon_a, minmay_manual_monolith
D:5:      layout_gridville, nicolae_shop_clearance
D:6:      layout_rooms, minmay_temple_entry_drinking_statues,
          ebering_ghost_sewer_d, serial_shops, nicolae_shop_hallway_stairs,
          uniq_duvessa, uniq_maggie

Skill      XL: |  1  2  3  4  5  6  7  8 |
---------------+-------------------------+-----
Stealth        | 3 |  3.0
Fighting       | 1 2 3 4 |  4.4
Spellcasting   | 3 4 5 6 |  6.4
Polearms       | 1 2 3 |  3.7
Summonings     | 5 6 |  6.1
Shields        | 1 2 |  2.9
Dodging        | |  2.1

Action                     |  1- 3 |  4- 6 |  7- 9 || total
---------------------------+-------+-------+-------++-------
  Melee: Unarmed           |     5 |       |       ||     5
         Constrict         |     6 |     8 |    13 ||    27
         Tentacles         |     4 |     7 |     8 ||    19
         Short sword       |    16 |    14 |       ||    30
         Club              |     1 |       |       ||     1
         Trident           |       |    24 |    74 ||    98
  Throw: Dart              |       |       |     1 ||     1
   Cast: Summon Small Mamm |    28 |    58 |    56 ||   142
         Call Imp          |     4 |    25 |    25 ||    54
         Call Canine Famil |     2 |     9 |    21 ||    32
    Use: Scroll            |       |       |     1 ||     1
         Potion            |       |       |     1 ||     1
   Stab: Sleeping          |     1 |       |     1 ||     2
         Distracted        |       |       |     3 ||     3
 Armour: Skin              |     5 |    17 |    29 ||    51
  Dodge: Dodged            |    11 |    20 |    24 ||    55
  Block: Other             |       |     2 |    15 ||    17
